Map: Romanticide LE

Players

soul

  • Race: Terran Terran
  • League: Grandmaster

Lambo - Winner!

  • Race: Zerg Zerg
  • League: Grandmaster

Event: DreamHack SC2 Masters 2021 Summer

VOD

Have the link to the VOD?

Description

Time

  • Played on: May 28, 2021, 12:14 p.m.
  • Length: 15:15

All games in this series

Show
View Real Time Build Order
Export as new Build Order

soul Terran 

Build Orders: Reaper Expand 

Get SALT Encoding   

  12  0:00  SCV  
  13  0:12  SCV  
  14  0:17  Supply Depot  
  14  0:24  SCV  
  15  0:38  SCV  
  15  0:40  Barracks  
  16  0:44  Refinery  
  16  0:51  SCV  
  17  1:03  SCV  
  18  1:15  SCV  
  19  1:27  Orbital Command  
  19  1:28  Reaper  
  20  1:40  Command Center  
  20  1:49  Supply Depot  
  20  1:53  SCV  
  21  1:59  Marine  
  22  2:06  Factory  
  23  2:08  SCV  
  23  2:20  SCV  
  23  2:21  Barracks Reactor  
  24  2:32  SCV  
  25  2:44  SCV  
  25  2:45  Command Center  
  26  2:53  Orbital Command  
  26  2:57  SCV  
  27  3:05  Hellion x2  
  31  3:09  Barracks Tech Lab, SCV  
  32  3:18  Barracks  
  32  3:20  SCV  
  32  3:23  SCV  
  32  3:26  Hellion  
  36  3:29  Hellion  
  36  3:31  Stimpack  
  38  3:34  SCV  
  38  3:36  SCV  
  39  3:46  SCV  
  39  3:48  SCV  
  39  3:56  Refinery  
  39  3:59  SCV  
  39  4:00  SCV  
  42  4:04  Orbital Command  
  42  4:09  Starport  
  41  4:11  SCV  
  41  4:12  SCV  
  41  4:13  Factory Reactor  
  41  4:14  Marine x2  
  41  4:16  Marine  
  46  4:23  SCV  
  47  4:24  SCV  
  48  4:32  Marine x2  
  48  4:34  SCV  
  48  4:35  Marine, SCV  
  48  4:36  SCV  
  48  4:38  Supply Depot  
  54  4:46  Refinery  
  54  4:47  Refinery, SCV  
  54  4:49  SCV  
  54  4:50  Marine  
  58  4:57  Medivac x2, Orbital Command  
  58  4:59  Marine x2, SCV  
  64  5:01  SCV  
  64  5:02  Supply Depot  
  64  5:03  Supply Depot  
  65  5:08  Marine, Factory Tech Lab  
  65  5:11  SCV  
  65  5:13  SCV  
  65  5:14  Combat Shield  
  68  5:17  Marine  
  68  5:20  Marine  
  68  5:23  SCV x2  
  68  5:25  Marine, SCV  
  68  5:27  Engineering Bay  
  68  5:28  Supply Depot  
  72  5:29  Supply Depot  
  72  5:30  Engineering Bay  
  72  5:35  Marine, SCV  
  74  5:36  SCV  
  74  5:37  Starport Reactor, SCV  
  74  5:40  Marine  
  74  5:42  Siege Tank  
  80  5:47  SCV  
  80  5:48  SCV  
  80  5:49  SCV  
  81  5:57  Marine x2  
  81  5:59  SCV  
  81  6:00  SCV  
  81  6:01  Terran Infantry Armor Level 1, Terran Infantry Weapons Level 1, Supply Depot  
  80  6:06  Supply Depot, SCV  
  80  6:08  Marine  
  82  6:11  SCV  
  82  6:12  SCV  
  82  6:15  Siege Tank, Marine x2  
  82  6:17  Medivac  
  91  6:18  Medivac  
  91  6:21  SCV  
  95  6:26  Marine  
  95  6:27  Supply Depot  
  95  6:28  SCV x2  
  95  6:29  Supply Depot  
  97  6:33  Marine x2, SCV  
  97  6:38  Bunker  
  100  6:43  Marine  
  100  6:45  Barracks, SCV  
  100  6:46  Barracks x2  
  102  6:47  SCV  
  102  6:50  SCV  
  102  6:51  Marine x2  
  106  6:57  SCV  
  106  6:59  Supply Depot  
  107  7:01  Siege Tank, Marine  
  107  7:02  Supply Depot  
  111  7:08  Marine  
  111  7:10  Marine  
  111  7:11  Factory  
  111  7:12  Armory  
  113  7:19  Marine  
  113  7:22  SCV  
  115  7:26  Marine  
  115  7:27  Marine  
  115  7:28  Medivac  
  115  7:29  Medivac  
  119  7:33  Refinery  
  119  7:34  Command Center  
  119  7:36  Supply Depot  
  119  7:37  Refinery, Marine  
  119  7:38  Widow Mine  
  119  7:39  Barracks Reactor  
  119  7:40  Barracks Reactor  
  122  7:44  Marine  
  122  7:45  Marine  
  122  7:46  Marine  
  122  7:47  Marine  
  125  7:55  Marine, SCV x2  
  125  7:56  Factory Reactor  
  125  7:57  SCV  
  121  7:59  Terran Infantry Weapons Level 2, Supply Depot  
  121  8:02  Terran Infantry Armor Level 2, Marine  
  121  8:03  Terran Vehicle And Ship Armor Level 1, Marine  
  121  8:04  Marine  
  121  8:05  Marine  
  125  8:12  Drilling Claws, Marine  
  127  8:14  Widow Mine  
  127  8:18  Marine  
  127  8:19  Marine  
  130  8:21  Barracks  
  130  8:22  Barracks x2  
  130  8:25  Medivac x2  
  130  8:26  Marine  
  135  8:35  Widow Mine  
  135  8:36  Widow Mine x2  
  135  8:38  Marine  
  135  8:39  Marine x4  
  135  8:40  Marine x3  
  149  8:41  SCV  
  149  8:44  Marine  
  149  8:53  Missile Turret  
  149  8:54  Missile Turret  
  141  8:56  Thor, Marine  
  141  9:01  Missile Turret  
  148  9:05  Missile Turret  
  148  9:07  Widow Mine, Missile Turret  
  148  9:08  Missile Turret  
  150  9:10  Widow Mine, Missile Turret  
  150  9:15  Sensor Tower  
  153  9:17  SCV  
  153  9:18  SCV  
  153  9:19  SCV  
  153  9:22  Barracks Tech Lab x2  
  153  9:23  Barracks Tech Lab  
  155  9:25  Missile Turret  
  155  9:29  SCV  
  155  9:30  Widow Mine, SCV  
  157  9:32  Widow Mine  
  157  9:34  Medivac x2  
  158  9:48  Marine  
  158  9:50  Marine x2  
  158  9:52  Widow Mine, Marine x5  
  147  9:53  Marine x3  
  147  9:54  Marauder  
  147  9:59  Widow Mine x2  
  125  10:04  Medivac x2  
  125  10:06  Marine  
  123  10:07  Marine  
  123  10:08  Marine  
  123  10:10  Marine x5, SCV x3  
  123  10:11  Marine x2  
  123  10:13  Widow Mine  
  137  10:15  Planetary Fortress  
  137  10:20  Widow Mine x2  
  139  10:22  SCV x3  
  139  10:25  Marauder  
  144  10:31  Marine  
  144  10:34  SCV x3  
  148  10:36  Marine  
  148  10:41  Marine  
  150  10:44  Marine, Missile Turret  
  150  10:46  SCV  
  150  10:47  SCV  
  150  10:48  Refinery  
  152  10:50  Widow Mine, Missile Turret  
  152  10:51  Terran Infantry Weapons Level 3, SCV  
  152  10:53  Sensor Tower, SCV  
  152  10:55  Widow Mine  
  158  10:58  SCV  
  158  11:00  Widow Mine  
  158  11:01  Medivac x2  
  158  11:03  Concussive Shells  
  165  11:04  Marauder  
  165  11:13  Command Center  
  165  11:21  Thor  
  165  11:23  Terran Vehicle And Ship Armor Level 2, Terran Infantry Armor Level 3  
  171  11:26  Marine  
  171  11:28  Marauder  
  160  11:37  Marine x2  
  160  11:39  Marine x6  
  148  11:40  Marine  
  148  11:41  Marine  
  148  11:44  Marine  
  130  11:48  Marine  
  130  11:49  Widow Mine x2  
  115  11:55  Marine x2  
  115  11:57  Marine x6  
  115  11:58  Medivac  
  115  11:59  Marauder, Marine  
  125  12:01  Marine  
  125  12:07  Marauder  
  124  12:10  Widow Mine  
  124  12:13  Marine x2  
  124  12:15  Marauder, Thor, Marine x5  
  132  12:17  Marine  
  132  12:19  Marine  
  132  12:20  Medivac  
  133  12:25  Supply Depot  
  133  12:27  Supply Depot  
  133  12:28  Supply Depot  
  133  12:32  Medivac, Supply Depot  
  133  12:33  Widow Mine, Marauder x2  
  141  12:39  Marauder  
  141  12:47  Widow Mine, Marauder, Marine, SCV x2  
  141  12:50  Medivac  
  150  12:54  Marauder  
  145  12:59  SCV  
  145  13:00  Marauder, Marine  
  145  13:02  Medivac  
  145  13:04  Marine  
  145  13:05  Orbital Command, SCV  
  151  13:10  Widow Mine x2  
  155  13:14  Marauder  
  155  13:15  Marine  
  155  13:17  Marine  
  155  13:20  Medivac  
  155  13:23  Missile Turret  
  155  13:24  Marine  
  157  13:32  Medivac  
  147  13:39  Marauder, Marine  
  147  13:45  Marauder x2  
  150  13:55  Widow Mine  
  151  13:57  Marine  
  151  14:00  Marine x7  
  116  14:06  Widow Mine, Marine x2  
  118  14:15  Marine  
  119  14:18  Marauder, Marine x3  
  119  14:20  Marine  
  119  14:21  Marine  
  119  14:22  Marine  
  119  14:24  Marine x2  
  109  14:33  Medivac, Marine  
  109  14:35  Medivac, Marine x2  
  109  14:38  Widow Mine  
  118  14:40  Marauder x2  
  118  14:44  Marine  
  123  14:51  Marine x4  
  123  14:52  Marine  
  122  14:55  Marine  
  122  14:56  Marine  
Show
View Real Time Build Order
Export as new Build Order

Lambo Zerg - Winner!

Build Orders: Hatch First, Muta Ling Bane 

Get SALT Encoding   

  12  0:00  Drone  
  13  0:13  Overlord  
  13  0:17  Drone  
  14  0:32  Drone x2  
  16  0:47  Hatchery  
  15  0:50  Drone  
  15  0:54  Drone  
  17  0:57  Drone  
  18  1:08  Extractor  
  17  1:12  Spawning Pool  
  17  1:15  Drone  
  17  1:19  Drone  
  18  1:29  Drone  
  19  1:40  Drone  
  20  1:53  Overlord  
  20  2:00  Zergling x2, Queen x2  
  26  2:01  Zergling x2  
  26  2:10  Drone  
  26  2:13  Metabolic Boost, Drone  
  28  2:21  Drone  
  28  2:22  Drone  
  30  2:32  Drone  
  30  2:39  Hatchery  
  30  2:44  Drone  
  30  2:48  Queen  
  30  2:49  Overlord  
  32  2:54  Drone x2  
  34  2:59  Drone  
  35  3:05  Overlord  
  35  3:10  Queen  
  35  3:12  Drone x3  
  40  3:15  Drone  
  40  3:19  Drone  
  42  3:23  Drone  
  42  3:26  Queen  
  43  3:28  Overlord  
  43  3:31  Drone  
  46  3:45  Zergling x6  
  46  3:47  Drone x2  
  51  3:48  Drone  
  51  3:51  Drone  
  51  3:54  Queen  
  54  3:57  Drone  
  54  3:58  Evolution Chamber, Drone x3  
  57  4:03  Overlord  
  57  4:06  Queen  
  59  4:10  Overlord  
  59  4:12  Drone  
  59  4:13  Drone  
  61  4:19  Drone x2  
  61  4:23  Extractor, Drone  
  63  4:26  Zerg Ground Armor Level 1  
  63  4:29  Overlord  
  63  4:30  Drone x5  
  68  4:34  Drone x3  
  68  4:35  Drone  
  72  4:38  Drone  
  72  4:39  Drone  
  74  4:48  Hatchery  
  74  4:51  Drone x2  
  75  4:52  Baneling Nest  
  75  4:55  Extractor  
  75  4:56  Queen, Extractor  
  75  4:58  Zergling x4  
  77  5:00  Drone  
  77  5:01  Drone  
  77  5:03  Drone x2  
  77  5:04  Drone  
  81  5:08  Lair  
  81  5:09  Zergling x2  
  81  5:10  Zergling x2  
  81  5:13  Zergling x4  
  86  5:14  Drone x2  
  86  5:19  Extractor  
  86  5:23  Zergling x8  
  86  5:24  Evolution Chamber  
  86  5:25  Overlord, Drone  
  90  5:32  Overlord  
  90  5:34  Overlord x2  
  90  5:40  Overlord  
  90  5:43  Queen  
  90  5:44  Zergling x6  
  90  5:49  Zergling x6  
  94  5:58  Drone x4  
  94  6:01  Extractor  
  94  6:02  Zerg Melee Weapons Level 1  
  97  6:05  Drone x2  
  97  6:06  Queen  
  97  6:08  Drone  
  97  6:09  Drone x2  
  97  6:10  Zergling x10  
  109  6:17  Zergling x2  
  108  6:25  Zergling x8  
  112  6:26  Zerg Ground Armor Level 2, Centrifical Hooks  
  112  6:30  Spire  
  112  6:31  Zergling x12  
  117  6:34  Zergling x6  
  117  6:36  Zergling x2  
  121  6:42  Zergling x10  
  126  6:50  Zergling x4, Baneling x7  
  128  6:57  Baneling x7  
  128  6:58  Baneling x4  
  128  7:03  Zergling x14  
  128  7:05  Baneling x3  
  128  7:06  Overlord  
  135  7:11  Overlord x3  
  135  7:12  Baneling x5  
  135  7:13  Baneling  
  135  7:17  Overlord  
  135  7:19  Overlord  
  135  7:24  Zergling x12  
  135  7:25  Zergling x2  
  135  7:29  Zergling x6  
  144  7:54  Drone x14  
  144  7:56  Extractor x2  
  156  7:58  Mutalisk  
  156  8:01  Zerg Flyer Weapons Level 1  
  158  8:07  Zerg Melee Weapons Level 2  
  158  8:08  Mutalisk x5  
  158  8:10  Pneumatized Carapace  
  168  8:13  Hatchery  
  168  8:17  Mutalisk x3  
  173  8:20  Drone x4  
  173  8:24  Overlord  
  173  8:25  Overlord  
  173  8:26  Overlord  
  176  8:29  Overlord  
  168  8:37  Overseer  
  168  8:43  Mutalisk x3  
  169  8:54  Drone x12  
  181  8:58  Infestation Pit  
  180  9:03  Mutalisk x3  
  180  9:09  Queen  
  188  9:10  Drone  
  188  9:11  Mutalisk  
  188  9:12  Spore Crawler  
  190  9:18  Zergling x18  
  190  9:23  Baneling x8  
  195  9:26  Zergling x4  
  195  9:27  Baneling  
  195  9:28  Baneling x6  
  195  9:29  Zergling x4  
  191  9:49  Zergling x24  
  191  9:52  Zergling x8  
  168  10:09  Hive  
  168  10:10  Zerg Flyer Weapons Level 2  
  168  10:11  Drone  
  168  10:12  Mutalisk x6  
  170  10:15  Zergling x22  
  181  10:23  Zergling x10  
  181  10:28  Drone x2  
  188  10:30  Extractor  
  188  10:31  Extractor  
  179  10:35  Zergling x12  
  179  10:39  Hatchery  
  180  10:44  Mutalisk x6  
  192  10:54  Drone x3  
  195  10:58  Spore Crawler  
  195  11:01  Baneling  
  195  11:02  Baneling x5  
  192  11:05  Overseer  
  192  11:07  Baneling x3  
  192  11:08  Baneling x5  
  192  11:16  Zergling x22  
  199  11:19  Hatchery, Baneling x8  
  198  11:29  Zergling x8  
  190  11:38  Mutalisk x5  
  189  11:40  Zergling x20  
  189  11:46  Zergling x18  
  196  11:51  Zergling x6  
  178  12:00  Mutalisk x6  
  182  12:02  Drone x5  
  185  12:11  Zergling x10  
  188  12:20  Drone x5  
  188  12:21  Spore Crawler  
  192  12:26  Zerg Flyer Armor Level 1, Ultralisk Cavern  
  190  12:34  Drone x6  
  190  12:35  Drone x2  
  198  12:37  Unknown, Baneling x13  
  198  12:39  Adrenal Glands  
  197  12:44  Baneling x8  
  197  12:51  Baneling x3  
  197  12:54  Zergling x10  
  198  13:02  Zergling x8  
  198  13:19  Zergling x2  
  199  13:20  Zergling x14  
  194  13:33  Zergling x20  
  199  13:36  Baneling x24  
  197  13:43  Zergling x4  
  197  13:48  Baneling x9  
  199  13:55  Zergling x14  
  200  13:58  Zergling x4  
  200  14:00  Zergling x6  
  200  14:01  Zergling x30  
  183  14:07  Zergling x16  
  183  14:09  Baneling x9  
  188  14:12  Ultralisk  
  190  14:18  Zergling x10  
  190  14:23  Ultralisk x3  
  186  14:28  Baneling x4  
  185  14:33  Zergling x16  
  185  14:37  Baneling x10  
  185  14:38  Zergling x4  
  195  14:39  Zergling x2  
  195  14:41  Hatchery, Baneling x4  
  195  14:43  Overseer  
  195  14:45  Zergling x4  
  196  14:50  Zergling x10  
  188  14:53  Zergling x2  
  188  14:56  Zergling x6  
  188  14:58  Zergling x2  
Tags
 
Add a new tag
Caveats
  • Supply blocks, unpowered buildings, or Contaminate may cause inaccurate times.
  • Supply counts are checked every 10 seconds.